 Seeded DCSS version 0.28.0-43-g3370ac3207 (webtiles) character file.

Game seed: 9871404364189446373 (custom seed)

82 croobank the Chopper (level 4, -1/37 HPs)
             Began as a Demigod Gladiator on Mar 26, 2022.
             Slain by an orc
             ... wielding a +0 short sword
              (3 damage)
             ... on level 3 of the Dungeon.
             The game lasted 00:12:07 (2811 turns).

croobank the Chopper (Demigod Gladiator)            Turns: 2811, Time: 00:12:14

Health: -1/37      AC:  6    Str: 19    XL:     4   Next: 1%
Magic:  6/6        EV: 12    Int: 10    God:
Gold:   126        SH:  0    Dex: 15    Spells: 3/3 levels left

rFire   . . .      SeeInvis .   a - +1 war axe
rCold   + . .      Faith    .   (no shield)
rNeg    . . .      Spirit   .   n - +0 ring mail
rPois   .          Reflect  .   c - +0 helmet
rElec   .          Harm     .   (no cloak)
rCorr   .          Rampage  .   (no gloves)
Will    .....                   (no boots)
Stlth   +.........              (no amulet)
HPRegen 0.12/turn               i - ring of protection from cold
MPRegen 0.10/turn               (no ring)

@: about to teleport
A: high MP 1, forlorn, divine attributes
a: no special abilities


You were on level 3 of the Dungeon.
You visited 1 branch of the dungeon, and saw 3 of its levels.

You collected 126 gold pieces.

Inventory:

Hand Weapons
 a - a +1 war axe (weapon)
Missiles
 d - 4 throwing nets
 e - 85 stones
 g - 72 arrows
 o - 21 sling bullets
 p - 3 poisoned darts
 r - a boomerang (quivered)
Armour
 b - a +0 leather armour
 c - a +0 helmet (worn)
 n - a +0 ring mail (worn)
Jewellery
 i - a ring of protection from cold (left hand)
Scrolls
 j - 4 scrolls of amnesia {amnesia, unknown}
 k - a scroll of holy word {holy word, unknown}
 l - 2 scrolls of identify {identify, unknown}
Potions
 f - a potion of flight {flight, unknown}
 q - 2 potions of attraction {attract, unknown}


   Skills:
 + Level 2.4 Fighting
 + Level 3.2 Axes
 + Level 2.3 Throwing
 + Level 0.2 Armour
 + Level 3.1 Dodging
 - Level 1.1 Stealth


You had 3 spell levels left.
You didn't know any spells.
Your spell library contained the following spells:

 Spells                   Type           Power      Damage    Failure   Level
 Ignite Poison            Fire/Tmut/Pois 0%         N/A       89%         3
 Mephitic Cloud           Conj/Pois/Air  0%         N/A       89%         3
 Freezing Cloud           Conj/Ice/Air   0%         6-21      100%        5


Dungeon Overview and Level Annotations

Branches:
Dungeon (3/15)


Innate Abilities, Weirdness & Mutations

You have an increased reservoir of magic. (+10% MP)
You shall have no god before yourself.
Your divine heritage dramatically boosts your attributes as you level up.


Message History

The orc priest hits you but does no damage.
You barely miss the orc priest.
The orc priest hits you with a +0 falchion.
The orc priest looks braver for a moment.
You hit the orc priest.
The orc priest is moderately wounded.
The orc priest barely misses you.
You barely miss the orc priest.
The orc priest is moderately wounded.
The orc priest hits you with a +0 falchion.
You closely miss the orc priest.
The orc priest is moderately wounded.
The orc shouts!
The orc priest calls down the wrath of Beogh upon you.
Beogh smites you!
You hit the orc but do no damage. The orc hits you but does no damage.
Okay, then.
As you read the scroll labelled JOVVAU YNUQI, it crumbles to dust.
It is a scroll of enchant weapon.
Your +0 war axe glows red for a moment.
The orc hits you but does no damage.
You closely miss the orc. The orc hits you with a +0 club.
* * * LOW HITPOINT WARNING * * *
The orc hits you but does no damage.
The orc yells loudly.
The orc priest calls down the wrath of Beogh upon you.
Pain shoots through your body!
* * * LOW HITPOINT WARNING * * *
Things that are here:
a +0 club; an adder skeleton; a goblin skeleton You slash the orc!
You kill the orc!
You have reached level 4!
Okay, then.
As you read the scroll of teleportation {teleport}, it crumbles to dust.
You feel strangely unstable.
The orc priest calls down the wrath of Beogh upon you.
Beogh smites you!
* * * LOW HITPOINT WARNING * * *
The orc hits you with a +0 short sword.
You die...

#o...# #.##.# #.##.# ######
#o##.### #....# #.##...# ####†#
.....#.############.########
............o............>.######
..##.#.#.####.##o##.#............
..##.#...o.oo.##@##.#.#..........
.........#...o...................
..)..#...........##.#............
##...#.#.##......................
#..##.#.##...#......)......####.
#..####.####.#...#..............
##.< ..# #..................#.
...# #.# ####.............#..#.
#.# #........#....##.#....


You could see an orc priest and an orc.

Vanquished Creatures
  2 adders
  A worm (D:2)
  A dart slug (D:3)
  4 orcs
  6 ball pythons
  10 endoplasms
  7 goblins
  2 hobgoblins (D:2)
  3 quokkas
  7 bats
  3 frilled lizards
  A kobold (D:3)
  2 rats (D:2)
49 creatures vanquished.

Notes
Turn   | Place    | Note
-------+----------+-------------------------------------------
     0 | D:1      | croobank the Demigod Gladiator began the quest for the Orb.
     0 | D:1      | Reached XP level 1. HP: 17/17 MP: 3/3
   377 | D:1      | Reached XP level 2. HP: 24/24 MP: 4/4
  1568 | D:2      | Reached XP level 3. HP: 19/29 MP: 5/5
  2066 | D:2      | Reached skill level 1 in Stealth
  2811 | D:3      | Reached XP level 4. HP: 10/37 MP: 6/6
  2811 | D:3      | Slain by an orc

Illustrated notes

Levels and vault maps discovered:
D:1:      onia_arrival_mini_maze_b, layout_basic, bh_walls_and_bars
D:2:      layout_basic, serial_glass, glass_columns_c, glass_columns_b,
          nrook_campfire, minmay_tripent
D:3:      layout_basic, minmay_misc_feat_encased

Skill      XL: |  1  2  3 |
---------------+----------+-----
Fighting       | 2 |  2.4
Throwing       | 2 |  2.3
Dodging        | 3 |  3.1
Axes           | 3 |  3.2
Stealth        | 1 |  1.1
Armour         | |  0.2

Action                   |  1- 3 |  4- 6 || total
-------------------------+-------+-------++-------
Melee: War axe           |   154 |       ||   154
       Punch             |     1 |       ||     1
Throw: Throwing net      |     2 |       ||     2
       Boomerang         |     1 |       ||     1
  Use: Scroll            |     4 |     1 ||     5
       Potion            |     3 |       ||     3
 Stab: Sleeping          |     2 |       ||     2
Armor: Leather armour    |    37 |       ||    37
       Ring mail         |    22 |       ||    22
Dodge: Dodged            |   115 |       ||   115
